 Dungeon Crawl Stone Soup version 0.26-b1-32-g5d43845318 (webtiles) character file.

Game seed: 3959726279707380992

36092 Aviak the Fighter (level 13, -2/106 HPs)
             Began as a Demonspawn Transmuter on Jan 12, 2021.
             Was a High Priest of Vehumet.
             Slain by a minotaur
             ... wielding a +5 war axe of pain
              (8 damage)
             ... in a Gauntlet.
             The game lasted 00:43:04 (21504 turns).

Aviak the Fighter (Demonspawn Transmuter)          Turns: 21504, Time: 00:43:05

Health: -2/106     AC: 11    Str: 18    XL:     13   Next: 51%
Magic:  0/27       EV: 21    Int: 18    God:    Vehumet [*****.]
Gold:   1486       SH:  4    Dex: 19    Spells: 4/32 levels left

rFire    + + .     SeeInvis .     - Unarmed
rCold    + . .     Faith    .   (no shield)
rNeg     . . .     Spirit   +   B - +1 robe {rF+}
rPois    .         Reflect  .   d - +0 helmet
rElec    +         Harm     .   j - +1 cloak
rCorr    .         Rampage  .   (no gloves)
Will     .....     NoTele   +   D - +0 pair of boots "Noalo" {rElec rF+ Regen+}
Stlth    ++........             S - amulet of Conversion {Acrobat Dex+5}
HPRegen  0.67/turn              R - ring "Noso" {Wiz Str+6}
MPRegen  0.40/turn              A - +4 ring of protection

@: no status effects
A: claws 2, large bone plates 1, cold resistance 1, magic shield, magic
regeneration
a: Renounce Religion


You were in a Gauntlet.
You worshipped Vehumet.
Vehumet was extremely pleased with you.
You visited 3 branches of the dungeon, and saw 19 of its levels.
You also visited: Sewer and Gauntlet.

You collected 1486 gold pieces.

Inventory:

Armour
 d - a +0 helmet (worn)
 j - a +1 cloak (worn)
 v - the +2 scale mail of Altruism {Will+ Dex+3 SInv}
   (You found it on level 1 of the Lair of Beasts)

   It affects your dexterity (+3).
   It affects your willpower, your defense against some magical effects.
   It lets you see invisible.
 B - a +1 robe of fire resistance (worn)
 D - the +0 pair of boots "Noalo" (worn) {rElec rF+ Regen+}
   (You acquired it on level 1 of the Lair of Beasts)

   It protects you from fire.
   It insulates you from electricity.
   It increases your rate of regeneration.
 E - a +0 kite shield
 M - a +0 ring mail
Jewellery
 k - an uncursed ring of willpower
 q - a +6 ring of strength
 A - a +4 ring of protection (right claw)
 G - the ring "Xewkup" {rF++ Will+ Dex-2}
   (You found it in a Gauntlet)

   [ring of willpower]

   It affects your dexterity (-2).
   It greatly protects you from fire.
   It affects your willpower, your defense against some magical effects.
 N - an uncursed ring of willpower
 O - a +4 ring of protection
 R - the ring "Noso" (left claw) {Wiz Str+6}
   (You found it in a Gauntlet)

   [ring of wizardry]

   It improves your spell success rate.
   It affects your strength (+6).
 S - the amulet of Conversion (around neck) {Acrobat Dex+5}
   (You found it in a Gauntlet)

   [amulet of the acrobat]

   It helps you evade while moving and waiting.
   It affects your dexterity (+5).
Wands
 w - a wand of paralysis (7)
 y - a wand of enslavement (20)
 F - a wand of iceblast (14)
 H - a wand of disintegration (12)
 K - a wand of polymorph (10)
 L - a wand of flame (30)
 Q - a wand of digging (7)
Scrolls
 a - 2 scrolls of vulnerability {!r}
 b - 5 scrolls of amnesia
 e - 4 scrolls of magic mapping
 i - 2 scrolls of identify
 n - 5 scrolls of fog
 r - 11 scrolls of remove curse
 s - 2 scrolls of fear
 t - 3 scrolls of teleportation
 u - a scroll of enchant weapon
 x - a scroll of blinking
 I - 2 scrolls of holy word {unknown}
 J - 2 scrolls of enchant armour
Potions
 c - 8 potions of curing
 f - a potion of haste
 g - 2 potions of attraction
 h - 6 potions of heal wounds
 l - a potion of cancellation
 m - 3 potions of flight
 o - a potion of mutation {!q}
 p - 6 potions of brilliance
 z - 2 potions of resistance
 C - 7 potions of degeneration {!q!q}
 P - a potion of ambrosia


   Skills:
 - Level 11.3 Fighting
 - Level 10.3 Dodging
 + Level 6.5 Unarmed Combat
 - Level 10.0 Spellcasting
 + Level 10.7 Transmutations
 + Level 0.5 Earth Magic
 - Level 5.0 Poison Magic


You had 4 spell levels left.
You knew the following spells:

 Your Spells              Type           Power        Failure   Level
b - Wereblood             Tmut           47%          1%          2
c - Ice Form              Ice/Tmut       28%          3%          4
d - Blade Hands           Tmut           23%          1%          5
e - Mephitic Cloud        Conj/Pois/Air  14%          1%          3
f - Poisonous Vapours     Pois/Air       36%          1%          2
g - Iron Shot             Conj/Erth      4%           65%         6
h - Eringya's Noxious Bo  Tmut/Pois      18%          5%          6

Your spell library contained the following spells:

 Spells                   Type           Power        Failure   Level
 Lee's Rapid Deconstruct  Erth           5%           19%         5
 Beastly Appendage        Tmut           94%          1%          1
 Spider Form              Tmut/Pois      18%          1%          3
 Animate Skeleton         Necr           18%          3%          1
 Apportation              Tloc           18%          3%          1
 Corona                   Hex            10%          3%          1
 Summon Small Mammal      Summ           36%          3%          1
 Conjure Flame            Conj/Fire      9%           3%          3
 Call Imp                 Summ           9%           4%          2
 Call Canine Familiar     Summ           9%           10%         3
 Summon Guardian Golem    Hex/Summ       9%           10%         3
 Summon Ice Beast         Ice/Summ       9%           30%         4
 Summon Lightning Spire   Summ/Air       9%           30%         4
 Metabolic Englaciation   Hex/Ice        4%           61%         5
 Freezing Cloud           Conj/Ice/Air   4%           69%         6
 Ozocubu's Refrigeration  Ice            4%           69%         6
 Simulacrum               Ice/Necr       4%           99%         6


Dungeon Overview and Level Annotations

Branches:
Dungeon (12/15)            Temple (1/1) D:6            Lair (6/6) D:11
  Swamp (0/4) Lair:3          Orc (0/2) D:11          Sewer (visited)
Gauntlet (1/1)
  Snake: Lair:2-4    Spider: Lair:2-4     Slime: Lair:5-6

Altars:
Ashenzari
Cheibriados
Dithmenos
Elyvilon
Fedhas
Gozag
Hepliaklqana
Kikubaaqudgha
Makhleb
Nemelex Xobeh
Okawaru
Qazlal
Ru
Sif Muna
Trog
Uskayaw
Vehumet
Wu Jian
Xom
Yredelemnul
Zin
The Shining One

Shops:
D:4 =   D:7 (

Annotations:
Gauntlet 8 transporters, 20 runed translucent doors


Innate Abilities, Weirdness & Mutations

You have very sharp fingernails.
You are partially covered in large bone plates. (SH +4)
Your flesh is cold resistant. (rC+)
When hurt, damage is shared between your health and your magic reserves.
You regenerate magic rapidly.


Message History

It was a potion of cancellation.
Your magical effects are unravelling.
You feel magically purged.
l - a potion of cancellation;
C - 7 potions of degeneration {!q!q} Your hands revert to their normal proportions.
Your primal bloodlust has ended.
It was a potion of ambrosia.
You are confused.
You feel invigorated.
You feel better.
You feel less invigorated.
The minotaur hits you with a +5 war axe of pain!!!
* * * LOW HITPOINT WARNING * * *
The minotaur gores you but does no damage.
You feel much better.
The minotaur hits you with a +5 war axe of pain!!
* * * LOW HITPOINT WARNING * * *
You writhe in agony.
* * * LOW HITPOINT WARNING * * *
The minotaur gores you!
You die...

##### #8∩8# #/.}# #8.8# #:.[####
#8.8#.8### #.H.#....# #8.8#..#.#
.#..##'##@.#.# #......((H....#
#.#.##.#.##.#.# ...#(...# #
#.#######.#.# .............#
#...©.©.©...## #######
#..8.8.8..###############
#≈#≈#≈####.......####≈#≈#≈#≈#§#≈#


You could see a minotaur.

Vanquished Creatures
  2 hydras
  Harold (Lair:2)
  A ghost crab (Gauntlet)
  Erica (D:9)
  2 two-headed ogres
  3 death yaks
  Sonja (Lair:1)
  An ugly thing (D:12)
  2 cyclopes (D:11)
  5 elephants
  A black mamba (Lair:6)
  Joseph (D:8)
  A gargoyle (D:11)
  24 cane toads
  A hellion (Gauntlet)
  2 rime drakes
  2 komodo dragons (Lair:2)
  A red devil (Gauntlet)
  A troll (D:11)
  2 polar bears
  A hornet (D:9)
  Grinder (D:4)
  20 blink frogs
  A wyvern (Lair:3)
  17 yaks
  2 basilisks
  4 vampire mosquitoes (Lair:6)
  Grum (D:9)
  2 swamp worms (Lair:3)
  11 water moccasins
  An ice beast (D:10)
  4 sky beasts
  3 black bears
  4 necrophages
  6 orc warriors
  4 phantoms
  5 ogres
  2 wolves (D:9)
  7 centaurs
  2 big kobolds (Sewer)
  18 bullfrogs
  2 scorpions
  7 killer bees (D:9)
  9 wights
  4 howler monkeys
  A centaur zombie (D:5)
  A quasit (D:8)
  13 hounds
  14 orc wizards
  2 bullfrog skeletons
  10 orc priests
  A centaur skeleton (D:8)
  7 jellies
  6 iguanas
  13 worker ants
  2 hound zombies
  2 hound skeletons
  A howler monkey zombie (D:9)
  Robin (D:3)
  4 gnolls (D:7)
  17 adders
  8 river rats
  3 shadow imps
  A white imp (D:8)
  An ooze (D:5)
  2 worms
  A dart slug (D:1)
  3 leopard geckos
  56 orcs
  4 bats
  8 giant cockroaches
  11 hobgoblins
  19 jackals
  4 quokkas
  7 ball pythons
  A ball python skeleton (D:6)
  4 frilled lizards
  26 goblins
  30 kobolds
  A quokka skeleton (D:9)
  27 rats
505 creatures vanquished.

Vanquished Creatures (others)
  A bush (Lair:6)
  42 fungi
  99 plants
142 creatures vanquished.

Grand Total: 647 creatures vanquished

Notes
Turn   | Place    | Note
-------+----------+-------------------------------------------
     0 | D:1      | Aviak the Demonspawn Transmuter began the quest for the
                  | Orb.
     0 | D:1      | Reached XP level 1. HP: 15/15 MP: 3/3
   342 | D:1      | Gained mutation: You are partially covered in large bone
                  | plates. (SH +4) [demonic ancestry]
   342 | D:1      | Reached XP level 2. HP: 12/21 MP: 3/5
   354 | D:1      | Learned a level 2 spell: Wereblood
   986 | D:2      | Gained mutation: When hurt, damage is shared between your
                  | health and your magic reserves. [demonic ancestry]
   986 | D:2      | Reached XP level 3. HP: 25/26 MP: 4/6
  1194 | D:2      | Found a shadowy altar of Dithmenos.
  1783 | D:2      | Reached XP level 4. HP: 32/32 MP: 4/7
  2844 | D:3      | Reached XP level 5. HP: 35/37 MP: 6/8
  2958 | D:3      | Found a bloodstained altar of Trog.
  2963 | D:3      | Found a radiant altar of Vehumet.
  2966 | D:3      | Found a shimmering altar of Xom.
  2976 | D:3      | Found an iron altar of Okawaru.
  2976 | D:3      | Noticed Robin
  2984 | D:3      | Became a worshipper of Vehumet
  3014 | D:3      | Killed Robin
  3686 | D:4      | Noticed Grinder
  3696 | D:4      | Paralysed by Grinder for 4 turns
  3707 | D:4      | Killed Grinder
  3708 | D:4      | Reached skill level 5 in Unarmed Combat
  3708 | D:4      | Reached XP level 6. HP: 30/43 MP: 4/9
  3802 | D:4      | Found Sibi Isa's Jewellery Shop.
  3966 | D:4      | Learned a level 3 spell: Spider Form
  4095 | D:4      | Reached * piety under Vehumet
  4095 | D:4      | Offered knowledge of Shock by Vehumet.
  4329 | D:4      | Reached skill level 5 in Transmutations
  4408 | D:4      | Gained mutation: You have sharp fingernails. [demonic
                  | ancestry]
  4408 | D:4      | Reached XP level 7. HP: 41/48 MP: 7/10
  4411 | D:4      | Reached skill level 1 in Poison Magic
  4417 | D:4      | Reached skill level 2 in Fighting
  4644 | D:4      | Reached skill level 3 in Fighting
  4767 | D:5      | Entered Level 5 of the Dungeon
  4886 | D:5      | Found a glowing drain.
  4912 | Sewer    | Entered a sewer
  5031 | Sewer    | Reached ** piety under Vehumet
  5049 | Sewer    | Offered knowledge of Sandblast by Vehumet.
  5091 | Sewer    | Reached skill level 4 in Fighting
  5091 | Sewer    | Reached XP level 8. HP: 55/60 MP: 7/11
  5374 | Sewer    | Offered knowledge of Mephitic Cloud by Vehumet.
  5383 | Sewer    | Learned a level 3 spell: Mephitic Cloud
  6255 | D:6      | Reached skill level 5 in Fighting
  6369 | D:6      | Found a staircase to the Ecumenical Temple.
  6392 | D:6      | Reached skill level 5 in Poison Magic
  6404 | Temple   | Entered the Ecumenical Temple
  7050 | D:6      | Reached *** piety under Vehumet
  7051 | D:6      | Reached skill level 6 in Fighting
  7270 | D:6      | Gained mutation: You regenerate magic rapidly. [demonic
                  | ancestry]
  7270 | D:6      | Reached XP level 9. HP: 48/69 MP: 12/15
  7481 | D:7      | Offered knowledge of Airstrike by Vehumet.
  7554 | D:7      | Found Hus Ser's Antique Weapon Shop.
  8186 | D:7      | Reached **** piety under Vehumet
  8277 | D:7      | Reached skill level 5 in Spellcasting
  8285 | D:7      | Found a hide-covered altar of Uskayaw.
  8514 | D:7      | Offered knowledge of Stone Arrow by Vehumet.
  8662 | D:7      | Reached skill level 7 in Fighting
  8948 | D:7      | Learned a level 2 spell: Poisonous Vapours
  9933 | D:8      | Found a burning altar of Makhleb.
 10140 | D:8      | Noticed Joseph
 10157 | D:8      | Killed Joseph
 10158 | D:8      | Reached XP level 10. HP: 28/79 MP: 10/20
 10509 | D:8      | Learned a level 5 spell: Blade Hands
 10699 | D:9      | Noticed Grum
 10714 | D:9      | Reached skill level 5 in Dodging
 10723 | D:9      | Killed Grum
 10735 | D:9      | Reached ***** piety under Vehumet
 10735 | D:9      | Offered knowledge of Iron Shot by Vehumet.
 10744 | D:9      | Learned a level 6 spell: Iron Shot
 10966 | D:9      | Noticed a two-headed ogre
 10985 | D:9      | Killed a two-headed ogre
 11146 | D:9      | Noticed Erica
 11198 | D:9      | Killed Erica
 12570 | D:10     | Entered Level 10 of the Dungeon
 12933 | D:10     | You fall into a shaft and drop 2 floors!
 12937 | D:12     | Reached XP level 11. HP: 84/84 MP: 21/21
 12947 | D:12     | Noticed a white ugly thing
 12980 | D:12     | Killed a white ugly thing
 13499 | D:11     | Found an ancient bone altar of Kikubaaqudgha.
 13672 | D:11     | Noticed a death yak
 13685 | D:11     | Killed a death yak
 13686 | D:11     | Noticed a death yak
 13688 | D:11     | Noticed a death yak
 14547 | D:10     | Killed a death yak
 14828 | D:10     | Noticed a two-headed ogre
 14856 | D:10     | Reached skill level 8 in Fighting
 14857 | D:10     | Killed a two-headed ogre
 15499 | D:11     | Found a staircase to the Orcish Mines.
 15787 | D:11     | Killed a death yak
 15796 | D:11     | Offered knowledge of Eringya's Noxious Bog by Vehumet.
 16182 | D:11     | Found a staircase to the Lair.
 16482 | Lair:1   | Entered Level 1 of the Lair of Beasts
 16493 | Lair:1   | Found a hazy altar of Hepliaklqana.
 16599 | Lair:1   | Gained mutation: Your flesh is cold resistant. (rC+)
                  | [demonic ancestry]
 16599 | Lair:1   | Reached XP level 12. HP: 92/94 MP: 22/24
 16972 | Lair:1   | Reached skill level 9 in Fighting
 17147 | Lair:1   | Noticed Sonja
 17160 | Lair:1   | Killed Sonja
 17675 | Lair:1   | Identified the +2 scale mail of Altruism {Will+ Dex+3 SInv}
                  | (You found it on level 1 of the Lair of Beasts)
 17680 | Lair:1   | Identified a scroll of acquirement
 17682 | Lair:1   | Acquired the +0 pair of boots "Noalo" {rElec rF+ Regen+}
 18645 | Lair:2   | Acquired 502 gold pieces
 18735 | Lair:2   | Noticed Harold
 18748 | Lair:2   | Killed Harold
 18749 | Lair:2   | Reached skill level 10 in Fighting
 18932 | Lair:2   | Learned a level 6 spell: Eringya's Noxious Bog
 19517 | Lair:3   | Noticed a five-headed hydra
 19706 | Lair:3   | Noticed a four-headed hydra
 19778 | Lair:3   | Learned a level 4 spell: Ice Form
 20034 | Lair:3   | Found a staircase to the Swamp.
 20093 | Lair:4   | Reached skill level 10 in Dodging
 20115 | Lair:4   | Noticed an eight-headed hydra
 20118 | Lair:4   | Reached skill level 10 in Spellcasting
 20347 | Lair:4   | Gained mutation: You have very sharp fingernails. [demonic
                  | ancestry]
 20347 | Lair:4   | Reached XP level 13. HP: 91/104 MP: 17/27
 20443 | Lair:4   | You fall into a shaft and drop 2 floors!
 20443 | Lair:6   | Entered Level 6 of the Lair of Beasts
 20456 | Lair:6   | Reached skill level 10 in Transmutations
 20729 | Lair:6   | Reached skill level 11 in Fighting
 21007 | Lair:5   | Offered knowledge of Lee's Rapid Deconstruction by Vehumet.
 21015 | Lair:5   | Found a gate leading to a gauntlet.
 21022 | Gauntlet | Entered a Gauntlet
 21022 | Gauntlet | Found a transporter.
 21047 | Gauntlet | Noticed a dire elephant
 21140 | Gauntlet | Found a transporter.
 21144 | Gauntlet | Found a transporter.
 21147 | Gauntlet | Found a transporter.
 21148 | Gauntlet | Found a transporter.
 21148 | Gauntlet | Found a transporter.
 21149 | Gauntlet | Found a large runed translucent door.
 21150 | Gauntlet | Found a large runed translucent door.
 21151 | Gauntlet | Found a large runed translucent door.
 21151 | Gauntlet | Found a large runed translucent door.
 21151 | Gauntlet | Found a runed translucent door.
 21152 | Gauntlet | Found a large runed translucent door.
 21153 | Gauntlet | Found a large runed translucent door.
 21154 | Gauntlet | Found a large runed translucent door.
 21154 | Gauntlet | Found a large runed translucent door.
 21154 | Gauntlet | Found a runed translucent gate.
 21155 | Gauntlet | Found a runed translucent door.
 21155 | Gauntlet | Found a runed translucent gate.
 21155 | Gauntlet | Found a runed translucent gate.
 21155 | Gauntlet | Found a runed translucent gate.
 21155 | Gauntlet | Found a runed translucent gate.
 21156 | Gauntlet | Found a transporter.
 21157 | Gauntlet | Found a transporter.
 21165 | Gauntlet | Found a runed translucent gate.
 21167 | Gauntlet | Noticed a reaper
 21177 | Gauntlet | Found a transporter.
 21194 | Gauntlet | Found a transporter.
 21198 | Gauntlet | Found a transporter.
 21206 | Gauntlet | Found a transporter.
 21271 | Gauntlet | Found a large runed translucent door.
 21272 | Gauntlet | Found a large runed translucent door.
 21273 | Gauntlet | Found a large runed translucent door.
 21273 | Gauntlet | Found a large runed translucent door.
 21274 | Gauntlet | Found a large runed translucent door.
 21275 | Gauntlet | Found a large runed translucent door.
 21276 | Gauntlet | Found a large runed translucent door.
 21276 | Gauntlet | Found a large runed translucent door.
 21376 | Gauntlet | Got a bound iron ring
 21378 | Gauntlet | Got a scintillating ivory ring
 21382 | Gauntlet | Identified the ring "Xewkup" {rF++ Will+ Dex-2} (You found
                  | it in a Gauntlet)
 21383 | Gauntlet | Identified the ring "Noso" {Wiz Str+6} (You found it in a
                  | Gauntlet)
 21411 | Gauntlet | Got a shimmering zirconium amulet
 21412 | Gauntlet | Identified the amulet of Conversion {Acrobat Dex+5} (You
                  | found it in a Gauntlet)
 21477 | Gauntlet | Identified the +3 ring mail of the Unbroken {rC++ Dex+6
                  | Slay-2}
 21477 | Gauntlet | Noticed a minotaur
 21504 | Gauntlet | Slain by a minotaur

Illustrated notes

Levels and vault maps discovered:
D:1:      mrwooster_arrival_arrow, layout_basic, serial_glass, glass_columns_a,
          glass_columns_a, glass_columns_c, glass_columns_b, glass_columns_a,
          glass_columns_b, glass_columns_c, glass_columns_a
D:2:      layout_loops_ring, nicolae_dithmenos_shadow_blocks,
          nicolae_underground_beach
D:3:      layout_rooms, grunt_temple_overflow_cloverleaf, uniq_robin
D:4:      minmay_chambers_of_threes, layout_basic, serial_shops, shop,
          chequers_serial_rivers_micro_b, uniq_grinder
D:5:      layout_rooms, portal_sewer_entry_b
D:6:      layout_loops_ring, minmay_temple_entry_waves,
          corexii_item_surrounded_by_moat, corexii_leaking_fountain
D:7:      corexii_shantytown, layout_gridville, eat_drink_and_be_merry_uskayaw,
          serial_shops, kennysheep_mini, minmay_a_box_with_orc_wizards_in_it
D:8:      layout_basic, serial_bayou_pond_e, makhleb_blood_cavern_becter,
          uniq_joseph
D:9:      layout_gridville, uniq_grum, uniq_erica
D:10:     layout_cave_pods
D:11:     layout_stronghold, dpeg_lair_monsters, erik_orc_3, basic_altar
D:12:     layout_basic, serial_shops, shop, zaba_antful_of_joy
Temple:   eino_temple_scatter_basement
Lair:1:   layout_small_grid, basic_altar, chequers_serial_rivers_small_b,
          st_stairs_10, serial_bayou_pond_a, uniq_sonja
Lair:2:   layout_regular_city, beast_lair_carwin_4, uniq_harold
Lair:3:   layout_loops_ring, palyth_hydra_swamp_entry
Lair:4:   layout_concentric_octagons, guppyfry_snake_entry_island,
          serial_bayou_shore_a, grunt_megastairs_2, infiniplex_staircase_pool_2,
          uniq_snorg, uniq_kirke
Lair:5:   nzn_motion_control, layout_small_grid, gauntlet_entry_generic
Lair:6:   minmay_lair_end_frog_pond, layout_long_grid,
          minmay_slime_entry_pillars, serial_bayou_shore_b
Gauntlet: minmay_gauntlet_mixed_oops_all_seconds
          [minmay_gauntlet_arena_77_terracotta_army,
          gammafunk_gauntlet_arena_arrow_garden,
          minmay_gauntlet_arena_77_two_lines,
          minmay_gauntlet_arena_make_your_own_arena,
          minmay_gauntlet_arena_77_run_for_it, nicolae_gauntlet_arena_x,
          nicolae_gauntlet_exit_dead_adventurers]

Skill      XL: |  1  2  3  4  5  6  7  8  9 10 11 12 13 |
---------------+----------------------------------------+-----
Transmutations | 2 3 4 5 8 9 10 | 10.7
Unarmed Combat | 3 4 5 6 |  6.5
Poison Magic   | 3 5 |  5.0
Fighting       | 4 6 7 8 10 11 | 11.3
Spellcasting   | 4 7 8 10 | 10.0
Dodging        | 4 6 8 10 | 10.3
Earth Magic    | |  0.5

Action                   |  1- 3 |  4- 6 |  7- 9 | 10-12 | 13-15 || total
-------------------------+-------+-------+-------+-------+-------++-------
Melee: Unarmed           |   123 |   177 |   653 |   629 |   158 ||  1740
       Kick              |    25 |    24 |    20 |       |       ||    69
       Headbutt          |    12 |    16 |     6 |       |       ||    34
       Punch             |     2 |     4 |     8 |    12 |     2 ||    28
 Cast: Beastly Appendage |    17 |    22 |     8 |     1 |       ||    48
       Wereblood         |       |     2 |     7 |    16 |     3 ||    28
       Spider Form       |       |       |    34 |    12 |       ||    46
       Blade Hands       |       |       |       |    56 |    14 ||    70
       Poisonous Vapours |       |       |       |    10 |       ||    10
       Mephitic Cloud    |       |       |       |     5 |       ||     5
       Ice Form          |       |       |       |     1 |     2 ||     3
Evoke: Wand              |       |       |     3 |    15 |     3 ||    21
  Use: Scroll            |       |     7 |     8 |    16 |     5 ||    36
       Potion            |       |     4 |       |     4 |     6 ||    14
 Stab: Sleeping          |       |       |     1 |     2 |       ||     3
       Paralysed         |       |       |     8 |       |       ||     8
       Distracted        |       |       |     1 |       |       ||     1
       Confused          |       |       |       |     1 |       ||     1
Armor: Leather armour    |    22 |    38 |    63 |       |       ||   123
       Robe              |     1 |       |    51 |   103 |    29 ||   184
       Skin              |       |       |    72 |    11 |     9 ||    92
Dodge: Dodged            |    67 |   110 |   561 |   487 |   138 ||  1363
Block: Other             |    19 |    30 |    57 |    95 |    28 ||   229
